Map: Backwater LE

Players

Seismic - Winner!

  • Race: Zerg Zerg
  • League: Gold
  • Spawn Location: 5:00

A.I. 1 (Medium)

  • Race: Terran Terran
  • Spawn Location: 11:00

VOD

Have the link to the VOD?

Description

Time

  • Played on: April 18, 2018, 10:15 p.m.
  • Length: 12:53
Show
View Real Time Build Order
Export as new Build Order

Seismic Zerg - Winner!

Build Orders: Hatch First 

Get SALT Encoding   

  12  0:01  Drone  
  13  0:12  Overlord  
  13  0:17  Drone  
  14  0:31  Drone x2  
  14  0:35  Drone  
  17  0:45  Drone  
  18  0:57  Hatchery  
  18  1:01  Drone  
  18  1:12  Spawning Pool  
  17  1:18  Extractor  
  17  1:19  Drone  
  17  1:20  Drone  
  18  1:29  Drone  
  19  1:39  Overlord  
  19  2:01  Zergling x2  
  20  2:03  Zergling x2  
  20  2:08  Queen  
  23  2:09  Queen  
  23  2:13  Drone x2  
  27  2:20  Metabolic Boost  
  28  2:22  Drone  
  28  2:23  Drone  
  29  2:32  Drone  
  29  2:33  Drone  
  31  2:42  Overlord  
  31  2:54  Drone  
  31  2:55  Drone x2  
  34  3:07  Drone  
  34  3:08  Drone  
  36  3:23  Overlord  
  36  3:24  Drone x3  
  36  3:25  Drone x4  
  43  3:35  Hatchery  
  43  3:41  Baneling Nest  
  41  3:42  Pneumatized Carapace  
  41  3:53  Overlord  
  41  3:54  Drone x6  
  41  3:55  Drone x3  
  50  4:24  Zergling x2  
  50  4:25  Zergling x2, Overlord  
  50  4:26  Zergling x4  
  50  4:27  Zergling x12  
  60  4:43  Queen  
  62  5:01  Overlord  
  62  5:02  Zergling x4  
  62  5:03  Zergling x14  
  62  5:06  Baneling x4  
  62  5:07  Baneling x4  
  71  5:08  Baneling x2  
  71  5:36  Overlord  
  71  5:37  Drone x8  
  79  5:46  Extractor x2  
  77  5:51  Evolution Chamber x2  
  77  5:52  Lair  
  75  6:11  Drone x2  
  75  6:12  Drone x6  
  75  6:13  Overlord  
  83  6:33  Zerg Missile Weapons Level 1  
  83  6:42  Overlord x2  
  83  7:03  Hatchery  
  83  7:05  Hydralisk Den  
  81  7:12  Overlord  
  81  7:14  Zergling x8  
  81  7:15  Zergling x10  
  90  7:29  Extractor  
  89  7:30  Extractor  
  88  7:39  Extractor  
  88  7:40  Grooved Spines  
  88  7:43  Overlord x2  
  87  7:44  Hydralisk x3  
  87  7:45  Hydralisk x5  
  87  7:48  Zergling x6  
  87  7:49  Zergling x10  
  111  8:04  Drone x5  
  111  8:05  Drone x4  
  120  8:31  Queen  
  122  8:42  Overlord x2  
  122  8:43  Hydralisk x5  
  122  8:44  Hydralisk x6  
  122  8:47  Overlord  
  122  8:48  Overlord x2  
  144  8:51  Muscular Augments  
  144  8:52  Zerg Missile Weapons Level 2  
  144  8:55  Zerg Ground Armor Level 1  
  144  9:16  Drone x4  
  144  9:17  Drone x4  
  150  9:18  Overlord x2  
  150  9:19  Hydralisk x5  
  162  9:39  Hydralisk x3  
  162  9:40  Hydralisk x4  
  162  9:43  Zergling x8  
  162  9:44  Zergling x6  
  183  10:02  Hydralisk x2  
  183  10:03  Hydralisk x5  
Show
View Real Time Build Order
Export as new Build Order

A.I. 1 (Medium) Terran 

Build Orders:  

Get SALT Encoding   

  12  0:00  SCV  
  13  0:13  SCV  
  14  0:19  Supply Depot  
  14  0:25  SCV  
  15  0:40  SCV  
  15  0:42  Barracks  
  16  0:52  SCV  
  17  1:04  SCV  
  18  1:17  Command Center  
  18  1:29  Marine, Orbital Command  
  19  1:37  Supply Depot  
  19  1:44  Refinery  
  19  1:47  Marine  
  20  1:55  SCV  
  20  2:00  Barracks  
  21  2:07  Refinery  
  21  2:08  SCV  
  22  2:24  SCV  
  22  2:29  Marine  
  24  2:36  SCV  
  25  2:39  Factory  
  25  2:47  Barracks Tech Lab  
  25  2:49  Refinery  
  25  2:55  Reaper  
  26  2:59  SCV  
  26  3:00  Refinery  
  26  3:03  SCV  
  28  3:11  SCV  
  29  3:21  Factory  
  29  3:22  SCV  
  29  3:25  SCV, Hellion  
  33  3:28  Barracks Tech Lab  
  33  3:34  SCV  
  33  3:40  Marine  
  35  3:46  Factory Tech Lab  
  35  3:51  Supply Depot  
  35  3:57  Marauder  
  35  4:00  SCV  
  38  4:03  SCV  
  38  4:04  Factory Tech Lab  
  39  4:12  SCV, Reaper  
  41  4:20  SCV  
  41  4:21  Supply Depot  
  42  4:24  SCV  
  42  4:28  Siege Tank  
  46  4:32  SCV  
  46  4:36  SCV  
  48  4:43  Marine  
  48  4:45  SCV  
  50  4:46  Supply Depot  
  50  4:49  SCV  
  51  4:57  SCV  
  51  4:59  Marine  
  53  5:01  SCV  
  54  5:13  SCV  
  56  5:14  Supply Depot, SCV  
  56  5:15  Marine  
  57  5:25  SCV  
  58  5:30  Marine  
  59  5:35  Engineering Bay  
  59  5:36  SCV  
  59  5:37  Supply Depot  
  59  5:38  Starport  
  59  5:39  SCV  
  61  5:47  Marauder  
  61  5:48  SCV  
  63  5:51  SCV  
  64  6:00  SCV  
  64  6:02  Reaper  
  64  6:03  Supply Depot, SCV  
  67  6:05  Missile Turret  
  67  6:06  Missile Turret  
  67  6:09  Missile Turret  
  67  6:12  SCV  
  67  6:15  SCV  
  67  6:18  Viking  
  71  6:23  Missile Turret  
  71  6:24  SCV  
  72  6:27  SCV, Sensor Tower  
  72  6:28  Bunker  
  72  6:32  Supply Depot  
  73  6:34  Cyclone  
  73  6:36  SCV  
  73  6:39  SCV  
  78  6:43  Armory  
  78  6:44  Bunker  
  78  6:50  Barracks, Reaper, Starport Tech Lab  
  78  7:05  Siege Tank  
  81  7:09  Raven  
  83  7:39  Barracks Reactor  
  83  7:51  Raven  
  85  9:00  Command Center  
  85  9:38  Siege Tank  
  85  9:39  Medivac, Combat Shields  
  85  9:40  Starport, Terran Infantry Weapons Level 1  
  85  9:42  Supply Depot  
  85  9:45  Ghost Academy  
  90  9:46  Marine  
  90  9:47  Fusion Core  
  90  9:50  Engineering Bay  
  91  9:52  Armory  
  91  9:54  Marine  
  92  10:02  Siege Tank  
  92  10:05  Supply Depot  
  95  10:09  Medivac  
  95  10:11  Siege Tank  
  95  10:14  SCV  
  82  10:16  SCV  
  82  10:18  Marine  
  72  10:25  Refinery  
  72  10:26  Marine, Missile Turret  
  73  10:29  Missile Turret  
  73  10:30  Refinery, Starport Reactor  
  73  10:34  Marine  
  71  10:38  Raven  
  71  10:42  Marine  
  68  10:48  SCV  
  65  10:50  Bunker, Hellion  
  65  10:51  SCV  
  65  10:54  SCV  
  55  10:58  Marauder  
  55  11:00  SCV  
  55  11:03  SCV  
  44  11:05  Hellion  
  25  11:12  SCV, Marauder  
  25  11:15  SCV  
  24  11:24  SCV  
  26  11:26  Marauder  
  26  11:27  SCV  
  23  11:34  Hellion  
  23  11:36  Missile Turret  
Tags
 
League
Gold
Matchup
TvZ
Spawn Locations
Cross Positions
Add a new tag
Caveats
  • Supply blocks, unpowered buildings, or Contaminate may cause inaccurate times.
  • Supply counts are checked every 10 seconds.